 Dungeon Crawl Stone Soup version 0.28-a0-938-gbc3f381ebc (webtiles) character file.

Game seed: 5877259940764120601

136467 mainiacjoe the Warrior (level 17, -8/131 HPs)
             Began as a Djinni Conjurer on Nov 25, 2021.
             Was a High Priest of Makhleb.
             Mangled by a guardian serpent (14 damage)
             ... on level 1 of the Snake Pit on Nov 29, 2021.
             The game lasted 02:30:54 (35608 turns).

mainiacjoe the Warrior (Djinni Conjurer)           Turns: 35608, Time: 02:30:55

Health: -8/131     AC: 11    Str:  9    XL:     17   Next: 80%
Gold:   497        EV: 21    Int: 31    God:    Makhleb [*****.] SH: 19 Dex: 13

rFire   + + +      SeeInvis .   a - staff of conjuration {!a}
rCold   + . .      Faith    .   Q - +2 shield of Resistance {rF++ rC++ Will++}
rNeg    . . .      Spirit   .   N - +2 robe {Archmagi}
rPois   ∞          Reflect  +   H - +1 helmet
rElec   .          Harm     .   r - +1 cloak of Oblivion {Will+}
rCorr   .          Rampage  .   i - +2 pair of gloves
Will    ++...      Archmagi +   (boots unavailable)
Stlth   ++++......              t - amulet "Betruer" {Reflect Str+2 SH+5}
HPRegen 0.31/turn               S - +4 ring of evasion
MPRegen 0.00/turn               j - ring "Sipsodgh" {rPois rF+ Will+ Int+6}

@: about to teleport, weak-willed, flying, studying 3 skills
A: sickness immunity, fire resistance 2, cold vulnerability 1, float, innate
caster, hp casting, extra vitality 1
a: Renounce Religion, Minor Destruction, Lesser Servant of Makhleb, Major
Destruction, Greater Servant of Makhleb


You were on level 1 of the Snake Pit.
You worshipped Makhleb.
Makhleb was extremely pleased with you.
You visited 5 branches of the dungeon, and saw 25 of its levels.
You also visited: Sewer, Gauntlet and Volcano.

You collected 2526 gold pieces.
You spent 2029 gold pieces at shops.

Inventory:

Hand Weapons
 o - a +3 rapier of electrocution
Missiles
 f - 2 throwing nets {=F}
 v - 14 javelins
 E - 21 boomerangs (quivered)
 J - 3 silver boomerangs
 T - 4 silver javelins
 Z - 3 boomerangs of dispersal {=F}
Armour
 i - a +2 pair of gloves (worn)
 r - the +1 cloak of Oblivion (worn) {Will+}
   (You bought it in a shop on level 2 of the Orcish Mines)

   Will:      It increases your willpower.
 H - a +1 helmet (worn)
 N - a +2 robe of the Archmagi (worn)
 Q - the +2 shield of Resistance (worn) {rF++ rC++ Will++}
   (You bought it in a shop on level 6 of the Dungeon)

   rF:        It greatly protects you from fire.
   rC:        It greatly protects you from cold.
   Will:      It greatly increases your willpower.
Magical Staves
 a - a staff of conjuration (weapon) {!a}
Jewellery
 j - the ring "Sipsodgh" (right hand) {rPois rF+ Will+ Int+6}
   (You found it in a Gauntlet)

   [ring of intelligence]

   Int:       It affects your intelligence (+6).
   rF:        It protects you from fire.
   rPois:     It protects you from poison.
   Will:      It increases your willpower.
 k - the ring "Tomosoig" {Wiz rC+}
   (You found it in a Gauntlet)

   [ring of wizardry]

   It improves your spell success rate.
   rC:        It protects you from cold.
 t - the amulet "Betruer" (around neck) {Reflect Str+2 SH+5}
   (You took it off a tengu reaver on level 13 of the Dungeon)

   [amulet of reflection]

   It reflects blocked missile attacks.
   Str:       It affects your strength (+2).
   SH:        It affects your SH (+5).
 G - a ring of resist corrosion
 S - a +4 ring of evasion (left hand)
Wands
 g - a wand of acid (9)
 B - a wand of iceblast (19)
 F - a wand of charming (8)
 I - a wand of mindburst (35)
 R - a wand of paralysis (4)
 W - a wand of digging (17)
 X - a wand of polymorph (10)
Scrolls
 e - 11 scrolls of teleportation
 l - 3 scrolls of blinking
 m - a scroll of fear
 s - a scroll of identify
 y - a scroll of immolation
 A - 2 scrolls of fog
 M - 3 scrolls of vulnerability
Potions
 b - a potion of lignification
 c - a potion of invisibility
 h - 2 potions of cancellation
 n - 7 potions of curing
 p - 4 potions of attraction
 w - 4 potions of mutation
 z - 6 potions of haste
 C - 3 potions of ambrosia
 K - 6 potions of brilliance
 P - 6 potions of might
 Y - 2 potions of berserk rage
Miscellaneous
 d - a tin of tremorstones (2/2)
 q - a phantom mirror
 u - a tin of tremorstones (2/2)
 O - a phial of floods
 V - a lightning rod (4/4)


   Skills:
 - Level 15.0 Fighting
 + Level 11.7 Dodging
 - Level 10.0 Stealth
 * Level 13.0 Shields
 + Level 13.2 Spellcasting
 - Level 7.5 Invocations
 - Level 7.0 Evocations


You couldn't memorise any spells.
You knew the following spells:

 Your Spells              Type           Power      Damage    Failure   Level
a - Lightning Bolt        Conj/Air       62%        1d85      1%          5
b - Statue Form           Tmut/Erth      67%        N/A       1%          6
c - Inner Flame           Hex/Fire       100%       N/A       1%          3
d - Fulminant Prism       Conj/Hex       62%        3d27      1%          4
e - Iron Shot             Conj/Erth      62%        9d12      1%          6
f - Shock                 Conj/Air       100%       1d9       0%          1
g - Dazzling Flash        Conj/Hex       100%       N/A       1%          3
h - Swiftness             Air            100%       N/A       1%          3
i - Blade Hands           Tmut           50%        N/A       1%          5
j - Searing Ray           Conj           100%       2d8       1%          2
k - Ensorcelled Hibernat  Hex/Ice        100%       N/A       1%          2
m - Magic Dart            Conj           100%       1d8       0%          1
z - Iskenderun's Mystic   Conj/Tloc      100%       2d19      1%          4
Your spell library was empty.

Dungeon Overview and Level Annotations

Branches:
Dungeon (15/15)            Temple (1/1) D:7            Lair (6/6) D:11
 Shoals (0/4) Lair:4        Snake (1/4) Lair:4        Slime (0/5) Lair:5
    Orc (2/2) D:11            Elf (0/3) Orc:2        Vaults (0/5) D:13
 Depths (0/4) D:15          Sewer (visited)         Volcano (visited)
Gauntlet (visited)

Altars:
Ashenzari
Cheibriados
Dithmenos
Elyvilon
Fedhas
Gozag
Hepliaklqana
Kikubaaqudgha
Makhleb
Nemelex Xobeh
Okawaru
Qazlal
Ru
Sif Muna
Trog
Uskayaw
Vehumet
Wu Jian
Xom
Yredelemnul
Zin
The Shining One
Beogh
Jiyva

Shops:
D:6 [   D:8 =   D:12 (   Orc:2 ([[**   Snake:1 =*

Annotations:
Snake:1 1 transporter


Innate Abilities, Weirdness & Mutations

You are immune to sickness and miasma.
You are immune to poison.
Your flesh is very heat resistant. (rF++)
You are vulnerable to cold. (rC-)
You float through the air rather than walking.
You learn spells naturally, not from books.
Your magical power is your life essence.
You have superior vitality. (+4 HP)


Message History

A naga mage comes into view. It is wielding a +0 club.
The guardian serpent hits you but does no damage.
The shock serpent bites you! The shock serpent shocks you!
The guardian serpent hits you!
The salamander hits you but does no damage.
The shock serpent shoots out a bolt of lightning at you!
The bolt of electricity hits you! The guardian serpent hits you!
The shock serpent bites you. The shock serpent shocks you!
The salamander barely misses you. The guardian serpent barely misses you.
The naga mage points at something and mumbles some strange words.
The shock serpent bites you! The shock serpent shocks you!
You hear an angry hiss.
The guardian serpent hits you but does no damage.
The salamander hits you but does no damage.
The shock serpent bites you. The shock serpent shocks you!
The guardian serpent hits you.
You hear a loud "Zot"!
The shock serpent bites you! The shock serpent shocks you!
The salamander hits you but does no damage.
The naga mage casts a spell.
The naga mage seems to speed up.
The guardian serpent barely misses you. The shock serpent bites you!
The shock serpent shocks you! The guardian serpent hits you!
* * * LOW HITPOINT WARNING * * *
The salamander hits you from afar with a +0 spear.
* * * LOW HITPOINT WARNING * * *
You are engulfed in flames.
You resist.
You hear a loud "Zot"!
The shock serpent shoots out a bolt of lightning at you!
The bolt of electricity hits you!
* * * LOW HITPOINT WARNING * * *
The guardian serpent hits you but does no damage.
You turn to flesh and can move again.
As you read the scroll of teleportation, it crumbles to dust.
You feel strangely unstable.
The shock serpent shoots out a bolt of lightning at you!
The bolt of electricity hits you!!
* * * LOW HITPOINT WARNING * * *
You block the salamander's attack. The guardian serpent hits you!
You die... ÷.<.....# S.N

#.####. ........# S....# ### ##
..).÷...# # #S#^#.#.# ##
.)......# ##. ^.......## #.
........# #.^##^#^#.##^.# ##.
........# #...^^NS^...# #..
..(.....# #^.##N##.^# ##.
..)....[# ##NSS^..^# #### #.
........## #..@..^.# ##.>####
.........## #.^^©^..# ##.....#.
..........## ######### #........
...........# ##### #.....).#
...........############
#....).##
.................©....###...)###
...............#............##
.............>.##...........#
...............###.........##


You could see a salamander, a shock serpent, a guardian serpent, a black mamba
(curare) and 2 naga magi.

Vanquished Creatures
  A tengu reaver (D:13)
  A frost giant (Orc:1)
  An orc warlord (Orc:2)
  The ghost of Inoelank the Blocker, a journeyman GnFi of Cheibriados (Lair:6)
  The ghost of gowby the Gelid, a journeyman BaIE of the Shining One (Lair:4)
  A very ugly thing (D:13)
  A red draconian (Volcano)
  A minotaur (Gauntlet)
  2 ettins (Orc:1)
  Snorg (D:11)
  3 naga warriors (Snake:1)
  2 rakshasas
  9 boulder beetles
  9 hydras
  2 catoblepae
  Erica (D:10)
  7 two-headed ogres
  A death knight (D:13)
  3 centaur warriors
  An anaconda (Snake:1)
  A deep troll shaman (Lair:6)
  16 death yaks
  3 tengu warriors (D:13)
  Urug (D:10)
  A shock serpent (Snake:1)
  A spriggan berserker (Lair:6)
  2 naga sharpshooters (Snake:1)
  Nergalle (D:10)
  A salamander mystic (Volcano)
  3 skeletal warriors (D:14)
  A deep elf archer (D:13)
  8 wizards (D:13)
  2 orc knights
  2 deep elf pyromancers (D:13)
  A lindwurm (Lair:6)
  2 necromancers
  A harpy (shapeshifter) (D:8)
  6 ugly things
  3 mana vipers (Snake:1)
  A deep elf zephyrmancer (D:13)
  7 salamanders
  4 orc sorcerers
  21 cyclopes
  29 elephants
  Joseph (D:7)
  2 moths of wrath
  13 black mambas
  5 naga magi
  2 torpor snails
  An unseen horror (D:11)
  A minotaur zombie (Gauntlet)
  A kobold demonologist (D:8)
  5 yaktaurs (D:13)
  17 cane toads
  A freezing wraith (D:15)
  A tengu conjurer (D:13)
  2 rime drakes
  12 komodo dragons
  4 trolls
  4 polar bears
  3 meliai (D:13)
  A hornet (Lair:6)
  5 dream sheep (Lair:3)
  4 blink frogs (Lair:5)
  A spectral dream sheep (Lair:4)
  7 slime creatures
  A centaur simulacrum (D:11)
  6 water elementals (D:14)
  3 redbacks (Gauntlet)
  A vampire (D:9)
  5 spriggans (Lair:6)
  3 shadows (Gauntlet)
  5 wraiths
  3 wyverns
  61 yaks
  5 basilisks
  2 spectral komodo dragons (Lair:4)
  10 vampire mosquitoes
  A steam dragon (D:7)
  A death yak simulacrum (Lair:4)
  9 wargs
  9 nagas (Snake:1)
  8 water moccasins
  An acid dragon (D:12)
  A sky beast (D:5)
  A black bear (Lair:6)
  2 ice beasts
  31 orc warriors
  A boggart (D:13)
  2 necrophages
  13 wolves
  24 centaurs
  6 ogres
  7 kobold brigands
  20 bullfrogs
  A wyvern zombie (D:6)
  A water moccasin zombie (D:6)
  A dream sheep simulacrum (Lair:4)
  5 killer bees (D:5)
  3 howler monkeys (D:7)
  A jelly (D:6)
  7 electric eels
  A torpor snail simulacrum (Lair:4)
  2 centaur zombies
  2 bullfrog zombies (D:6)
  2 hounds
  20 orc priests
  2 bullfrog skeletons (D:6)
  6 centaur skeletons
  An iguana (D:6)
  29 orc wizards
  2 polar bear simulacra (Lair:6)
  5 yak simulacra (Lair:6)
  A wolf simulacrum (Lair:6)
  9 gnolls
  A howler monkey skeleton (D:7)
  2 river rats (Sewer)
  7 adders
  4 ufetubi
  4 adder skeletons
  2 dart slugs
  99 orcs
  6 endoplasms
  5 giant cockroaches
  4 goblins
  3 hobgoblins
  11 jackals
  23 kobolds
  9 quokkas
  9 ball pythons
  6 bats
  A frilled lizard (D:1)
  9 rats
  3 river rat simulacra (Lair:6)
811 creatures vanquished.

Vanquished Creatures (others)
  A demonic plant (Gauntlet)
  145 fulminant prisms
  54 fungi
  74 plants
274 creatures vanquished.

Grand Total: 1085 creatures vanquished

Notes
Turn   | Place    | Note
-------+----------+-------------------------------------------
     0 | D:1      | mainiacjoe the Djinni Conjurer began the quest for the Orb.
     0 | D:1      | Reached XP level 1. HP: 15/15 MP: 0/0
     3 | D:1      | Noticed a demonspawn zombie
   196 | D:1      | Reached XP level 2. HP: 17/22 MP: 0/0
   313 | D:1      | Reached skill level 1 in Fighting
   655 | D:1      | Reached XP level 3. HP: 24/27 MP: 0/0
   655 | D:1      | Learned a level 1 spell: Shock
   696 | D:1      | Found a faded altar of an unknown god.
  1607 | D:2      | Reached XP level 4. HP: 29/32 MP: 0/0
  2547 | D:3      | Reached skill level 2 in Fighting
  2960 | D:3      | Found a snail-covered altar of Cheibriados.
  3124 | D:4      | Reached XP level 5. HP: 30/38 MP: 0/0
  3124 | D:4      | Learned a level 2 spell: Ensorcelled Hibernation
  3309 | D:4      | Found a glowing drain.
  3400 | Sewer    | Entered a sewer
  3509 | Sewer    | Noticed a kobold brigand
  3516 | Sewer    | Killed a kobold brigand
  3517 | Sewer    | Reached skill level 3 in Fighting
  3517 | Sewer    | Reached skill level 5 in Spellcasting
  3517 | Sewer    | Reached XP level 6. HP: 33/46 MP: 0/0
  3653 | Sewer    | Found a white marble altar of Elyvilon.
  4428 | D:5      | Entered Level 5 of the Dungeon
  4633 | D:5      | Reached XP level 7. HP: 38/51 MP: 0/0
  4633 | D:5      | Learned a level 3 spell: Inner Flame
  4668 | D:5      | Reached skill level 4 in Fighting
  5233 | D:5      | Reached XP level 8. HP: 49/58 MP: 0/0
  5434 | D:5      | Noticed a troll
  5440 | D:5      | Killed a troll
  5441 | D:5      | Reached skill level 5 in Fighting
  6501 | D:6      | Found Pineant's Antique Armour Shoppe.
  6529 | D:6      | Reached XP level 9. HP: 56/66 MP: 0/0
  6529 | D:6      | Learned a level 3 spell: Swiftness
  6761 | D:7      | Reached skill level 6 in Fighting
  6882 | D:7      | Noticed Joseph
  7209 | D:7      | Found a staircase to the Ecumenical Temple.
  7416 | Temple   | Entered the Ecumenical Temple
  7522 | Temple   | Became a worshipper of Makhleb the Destroyer
  7754 | D:7      | Found a hide-covered altar of Uskayaw.
  7757 | D:7      | Noticed a +0 dagger
  7757 | D:7      | Noticed a +0 hand axe
  7823 | D:7      | Found an iron altar of Okawaru.
  7826 | D:7      | Found a shimmering altar of Xom.
  7905 | D:7      | Found a sacrificial altar of Ru.
  7907 | D:7      | Found a shadowy altar of Dithmenos.
  8121 | D:7      | Identified the +4 scimitar of the Middle {protect, rC- rN+
                  | rCorr Dex+8}
  8739 | D:7      | Killed Joseph
  8740 | D:7      | Reached skill level 7 in Fighting
  9051 | D:8      | Noticed a kobold demonologist
  9056 | D:8      | Noticed a centaur warrior
  9060 | D:8      | Noticed a troll
  9064 | D:8      | Noticed a harpy
  9064 | D:8      | a troll changed into a harpy
  9067 | D:8      | Killed a kobold demonologist
  9068 | D:8      | Reached XP level 10. HP: 67/75 MP: 0/0
  9070 | D:8      | Killed a harpy
  9071 | D:8      | Noticed a cyclops
  9780 | D:8      | Reached skill level 8 in Fighting
  9866 | D:8      | Reached * piety under Makhleb
  9944 | D:8      | Found Perist's Jewellery Boutique.
 11969 | D:9      | Found a glowing golden altar of the Shining One.
 12170 | D:10     | Entered Level 10 of the Dungeon
 12178 | D:10     | Noticed a two-headed ogre
 12185 | D:10     | Killed a two-headed ogre
 12186 | D:10     | Reached skill level 10 in Spellcasting
 12222 | D:10     | Noticed a two-headed ogre
 12227 | D:10     | Found a bloodstained altar of Trog.
 12237 | D:10     | Killed a two-headed ogre
 12237 | D:10     | Reached ** piety under Makhleb
 12238 | D:10     | Reached skill level 9 in Fighting
 12238 | D:10     | Reached skill level 5 in Dodging
 12238 | D:10     | Reached XP level 11. HP: 43/84 MP: 0/0
 12238 | D:10     | Learned a level 5 spell: Blade Hands
 12473 | D:10     | Noticed Erica
 12486 | D:10     | Killed Erica
 12495 | D:10     | Noticed Nergalle
 12564 | D:10     | Killed Nergalle
 12566 | D:10     | Noticed a two-headed ogre
 12664 | D:10     | Noticed Urug
 12669 | D:10     | Killed Urug
 12670 | D:10     | Reached skill level 10 in Fighting
 13011 | D:10     | Found a sparkling altar of Nemelex Xobeh.
 13069 | D:10     | Found a white marble altar of Elyvilon.
 13116 | D:10     | Killed a two-headed ogre
 13349 | D:11     | Noticed a seven-headed hydra
 13368 | D:11     | Killed a seven-headed hydra
 13730 | D:11     | Reached skill level 10 in Dodging
 13877 | D:11     | Noticed Snorg
 13893 | D:11     | Killed Snorg
 13894 | D:11     | Reached XP level 12. HP: 79/91 MP: 0/0
 13964 | D:11     | Noticed a boulder beetle
 13970 | D:11     | Killed a boulder beetle
 14074 | D:11     | Noticed a boulder beetle
 14093 | D:11     | Killed a boulder beetle
 14303 | D:11     | Found a staircase to the Orcish Mines.
 14367 | D:11     | Noticed a two-headed ogre
 14371 | D:11     | Killed a two-headed ogre
 14386 | D:11     | Reached *** piety under Makhleb
 14387 | D:11     | Noticed a death yak
 14390 | D:11     | Noticed a death yak
 14395 | D:11     | Killed a death yak
 14396 | D:11     | Reached skill level 5 in Stealth
 14396 | D:11     | Reached skill level 5 in Invocations
 14402 | D:11     | Killed a death yak
 14408 | D:11     | Noticed a death yak
 14413 | D:11     | Killed a death yak
 14447 | D:11     | Found a staircase to the Lair.
 14943 | D:8      | Killed a centaur warrior
 14944 | D:8      | Reached XP level 13. HP: 42/96 MP: 0/0
 14944 | D:8      | Learned a level 5 spell: Lightning Bolt
 15177 | D:8      | Identified the ring of Liberty {rPois Int+6}
 15265 | Lair:1   | Entered Level 1 of the Lair of Beasts
 15639 | Lair:1   | Reached **** piety under Makhleb
 16762 | Lair:2   | Noticed a seven-headed hydra
 16774 | Lair:2   | Killed a seven-headed hydra
 16775 | Lair:2   | Reached skill level 10 in Stealth
 18033 | Lair:3   | Reached ***** piety under Makhleb
 18054 | Lair:3   | Reached skill level 11 in Fighting
 18488 | Lair:4   | Found a runed translucent gate.
 18488 | Lair:4   | Found a runed translucent gate.
 18488 | Lair:4   | Found a runed translucent gate.
 18488 | Lair:4   | Noticed gowby's ghost (journeyman BaIE)
 18497 | Lair:4   | Killed gowby's ghost
 18498 | Lair:4   | Reached XP level 14. HP: 104/105 MP: 0/0
 18929 | Lair:4   | Found a staircase to the Shoals.
 19099 | Lair:4   | Found a staircase to the Snake Pit.
 19378 | Lair:4   | Reached skill level 1 in Evocations
 19657 | Lair:5   | Reached skill level 12 in Fighting
 19665 | Lair:5   | Found a viscous altar of Jiyva.
 19665 | Lair:5   | Found a staircase to the Slime Pits.
 19766 | Lair:5   | Found a dark tunnel.
 19790 | Volcano  | Entered a volcano
 19898 | Volcano  | Noticed a red draconian
 19906 | Volcano  | Killed a red draconian
 19914 | Volcano  | Found a burning altar of Makhleb.
 21178 | Lair:6   | Entered Level 6 of the Lair of Beasts
 21464 | Lair:6   | Reached ****** piety under Makhleb
 21468 | Lair:6   | Reached skill level 5 in Evocations
 21468 | Lair:6   | Reached XP level 15. HP: 101/113 MP: 0/0
 21468 | Lair:6   | Learned a level 6 spell: Iron Shot
 21548 | Lair:6   | Noticed Inoelank's ghost (journeyman GnFi)
 21611 | Lair:6   | Reached skill level 13 in Fighting
 21766 | Lair:6   | Found a transporter.
 21767 | Lair:6   | Found a bloodstained altar of Trog.
 21773 | Lair:6   | Found a transporter.
 21875 | Lair:6   | Reached skill level 1 in Shields
 23500 | D:6      | Bought the +2 shield of Resistance {rF++ rC++ Will++} for
                  | 1103 gold pieces
 23500 | D:6      | Found the +2 shield of Resistance {rF++ rC++ Will++}
 23652 | Orc:1    | Entered Level 1 of the Orcish Mines
 24824 | Orc:1    | Reached skill level 14 in Fighting
 24828 | Orc:1    | Reached skill level 5 in Shields
 24918 | Orc:1    | Noticed a frost giant
 25032 | Orc:1    | Killed a frost giant
 25115 | Orc:1    | Found the +8 glaive of the Guard {elec, spectral, AC+5}
 25136 | Orc:1    | Identified the +8 falchion of Dissatisfaction {freeze,
                  | +Blink rElec Stlth+}
 25137 | Orc:1    | Identified the +11 broad axe of Terror {pain, Contam Fly
                  | rF++ rN+}
 25138 | Orc:1    | Identified the +1 hunting sling of Tiej {vorpal, rF+
                  | Stlth+}
 25383 | Orc:2    | Entered Level 2 of the Orcish Mines
 25914 | Orc:2    | Found a staircase to the Elven Halls.
 26069 | Orc:2    | Found Opeiz's General Store.
 26679 | Orc:2    | Found Pogigesh's Assorted Antiques.
 26687 | Orc:2    | Bought a transparent cloak for 218 gold pieces
 26687 | Orc:2    | Identified the +1 cloak of Oblivion {Will+} (You bought it
                  | in a shop on level 2 of the Orcish Mines)
 26757 | Orc:2    | Noticed an orc warlord
 26762 | Orc:2    | Killed an orc warlord
 26763 | Orc:2    | Reached XP level 16. HP: 118/124 MP: 0/0
 27034 | Orc:2    | Found Fynaduduca's Antique Armour Boutique.
 27038 | Orc:2    | Found Noatapiz's Antique Weapon Shop.
 27046 | Orc:2    | Bought a distressingly furry robe for 142 gold pieces
 27046 | Orc:2    | Identified the +0 robe of Enta {SInv} (You bought it in a
                  | shop on level 2 of the Orcish Mines)
 27189 | Orc:2    | Found Nem Gifre's Antique Armour Shop.
 27194 | Orc:2    | Bought an ominously black robe for 193 gold pieces
 27194 | Orc:2    | Identified the +0 robe "Texeasihu" {Fly} (You bought it in
                  | a shop on level 2 of the Orcish Mines)
 27196 | Orc:2    | Bought a distressingly furry leather armour for 238 gold
                  | pieces
 27196 | Orc:2    | Identified the +0 leather armour of the Marlin {Slay+5}
                  | (You bought it in a shop on level 2 of the Orcish Mines)
 27876 | D:12     | Identified the +3 long sword of Disharmony {antimagic,
                  | *Noise rPois rF+ SInv}
 27877 | D:12     | Found Loitinwu's Weapon Shop.
 28398 | D:13     | Found a gate leading to a gauntlet.
 28414 | Gauntlet | Entered a Gauntlet
 28414 | Gauntlet | Found a transporter.
 28414 | Gauntlet | Found a transporter.
 28420 | Gauntlet | Found a transporter.
 28433 | Gauntlet | Found a transporter.
 28451 | Gauntlet | Found a transporter.
 28451 | Gauntlet | Found a transporter.
 28451 | Gauntlet | Found a transporter.
 28454 | Gauntlet | Found a transporter.
 28454 | Gauntlet | Found a transporter.
 28468 | Gauntlet | Found a transporter.
 28486 | Gauntlet | Found a transporter.
 28496 | Gauntlet | Found a transporter.
 28512 | Gauntlet | Found a transporter.
 28532 | Gauntlet | Found a transporter.
 28791 | Gauntlet | Identified the ring "Fuizenn" {Drain rPois rC+++ Will-
                  | SInv}
 28811 | Gauntlet | Reached skill level 15 in Fighting
 28821 | Gauntlet | Identified the ring "Sipsodgh" {rPois rF+ Will+ Int+6}
 28892 | Gauntlet | Identified the ring "Tomosoig" {Wiz rC+}
 29519 | D:13     | Found the +3 warlock's mirror {reflect}
 30207 | D:13     | Reached skill level 10 in Shields
 30214 | D:13     | Identified the ring "Riniutz" {rN+ MP+9 Str+2 Stlth+}
 30733 | D:13     | Identified the amulet "Betruer" {Reflect Str+2 SH+5}
 30733 | D:13     | Noticed a tengu reaver
 30736 | D:13     | Killed a tengu reaver
 31093 | D:13     | Reached XP level 17. HP: 128/131 MP: 0/0
 31093 | D:13     | Learned a level 6 spell: Statue Form
 31390 | D:13     | Found a gate to the Vaults.
 32959 | Orc:2    | Bought a scroll of teleportation for 45 gold pieces
 32959 | Orc:2    | Bought 3 scrolls of identify for 90 gold pieces
 32960 | Orc:2    | Identified a scroll of acquirement
 32961 | Orc:2    | Acquired a manual of Dodging
 32964 | Orc:2    | Upgraded the game from 0.28-a0-909-g796cbd3a86 to
                  | 0.28-a0-938-gbc3f381ebc
 33437 | D:15     | Entered Level 15 of the Dungeon
 34029 | D:15     | Found a staircase to the Depths.
 34405 | Lair:6   | Killed Inoelank's ghost
 34548 | Snake:1  | Entered Level 1 of the Snake Pit
 35097 | Snake:1  | Found a transporter.
 35253 | Snake:1  | Found Gasoud's Assorted Antiques.
 35264 | Snake:1  | Found a transporter.
 35394 | Snake:1  | Found Fokkao's Jewellery Emporium.
 35598 | Snake:1  | Paralysed by a Zot trap for 4 turns
 35608 | Snake:1  | HP: 6/131 [shock serpent/bolt of electricity (24)]
 35608 | Snake:1  | Mangled by a guardian serpent

Illustrated notes

Levels and vault maps discovered:
D:1:      shiori_arrival_whats_in_store_for_you, layout_basic,
          chequers_ecumenical_altar_island, lemuel_another_geyser
D:2:      layout_basic, minmay_liquid_box
D:3:      layout_rooms, mainiacjoe_overflow_six_doors_small,
          minmay_misc_feat_room, palyth_stone_intersect
D:4:      layout_basic, portal_sewer_entry_f
D:5:      layout_gridville
D:6:      layout_basic, serial_shops, nicolae_shop_hallway_plus, st_stairs_8,
          hex_large
D:7:      layout_loops_corners, grunt_temple_overflow_magic_moments,
          dancing_weapons_uskayaw, nicolae_overflow_hidden_temple,
          minmay_temple_entry_statues_pillars, uniq_joseph
D:8:      cheibrodos_elevator_heist, layout_loops_ring, serial_shops, shop,
          minivault_4
D:9:      layout_long_grid, tso_altar, hangedman_abyss_or_decor_lesser_grid,
          chequers_serial_rivers_small_b
D:10:     layout_basic, nemelex_diamond_rough_becter,
          chequers_temple_overflow_statue_of_worship, uniq_erica, uniq_urug,
          uniq_nergalle
D:11:     layout_roguey, dpeg_lair_monsters, david_orc_3, grunt_ogre_cave,
          uniq_snorg
D:12:     layout_loops_cross, serial_shops, nicolae_shop_bloodbath_and_beyond
D:13:     minmay_smoke_and_mirrors, layout_irregular_city,
          hangedman_vaults_entry_quadrant_bands, gauntlet_entry_generic,
          grunt_ministairs_15, serial_bayou_pond_b, eino_tiny_chamber,
          minmay_evil_grid
D:14:     layout_basic
D:15:     grunt_enter_depths_magical_seal, layout_irregular_city
Temple:   jpeg_temple_island
Lair:1:   layout_layer_cave, serial_bayou_shore_a
Lair:2:   layout_chaotic_city
Lair:3:   layout_loops_ring
Lair:4:   layout_loops_ring, minmay_shoals_entry_centaurs, dummy_snake_entry,
          gammafunk_ghost_necromancy, infiniplex_staircase_pool
Lair:5:   layout_layer_cave, dpeg_slime_entry_enclosed_altar, enter_volcano_2,
          lemuel_fruit_tree
Lair:6:   grunt_lair_end_beastmaster, layout_long_grid,
          gammafunk_ghost_wrathful_warriors, eino_house_with_fridge,
          lemuel_fruit_fields
Snake:1:  gammafunk_its_a_trap, layout_onion, serial_shops, shop,
          minmay_shop_enchanted_jewellery, nicolae_snake_horde_hoard
Orc:1:    giant_chief_lemuel, layout_diamond_mine, basic_altar
Orc:2:    grunt_orc_community_town_hall, layout_caves,
          grunt_orc_community_big_house_1, grunt_orc_community_big_house_2,
          grunt_orc_community_house_3, grunt_orc_community_house_3,
          grunt_orc_community_house_3, grunt_orc_community_house_2,
          grunt_orc_community_house_2, serial_shops, shop

Skill      XL: |  1  2  3  4  5  6  7  8  9 10 11 12 13 14 15 16 17 |
---------------+----------------------------------------------------+-----
Fighting       | 1 2 3 4 5 7 9 10 11 12 14 15 | 15.0
Spellcasting   | 4 5 6 7 8 10 11 12 13 | 13.2
Dodging        | 5 10 11 | 11.7
Stealth        | 2 8 10 | 10.0
Invocations    | 2 5 7 |  7.5
Evocations     | 5 7 |  7.0
Shields        | 6 10 13 | 13.0

Action                   |  1- 3 |  4- 6 |  7- 9 | 10-12 | 13-15 | 16-18 || total
-------------------------+-------+-------+-------+-------+-------+-------++-------
Melee: Spear             |     5 |    24 |    17 |       |       |       ||    46
       Whip              |       |       |     9 |    14 |     1 |       ||    24
       Unarmed           |       |       |       |       |       |     1 ||     1
 Fire: Shortbow          |       |       |       |     1 |       |       ||     1
Throw: Stone             |       |    18 |     9 |     1 |       |       ||    28
       Throwing net      |       |       |     1 |       |       |       ||     1
       Boomerang         |       |       |       |     7 |    19 |     2 ||    28
 Cast: Magic Dart        |    37 |     7 |     1 |     3 |       |     1 ||    49
       Searing Ray       |     6 |    29 |    28 |     9 |     1 |     1 ||    74
       Shock             |    16 |    40 |    16 |    52 |    17 |     2 ||   143
       Fulminant Prism   |       |     2 |    24 |    57 |    39 |    23 ||   145
       Iskenderun's Myst |       |       |    17 |    59 |    80 |    39 ||   195
       Ensorcelled Hiber |       |       |     5 |     1 |       |       ||     6
       Inner Flame       |       |       |     5 |    14 |    16 |     6 ||    41
       Dazzling Flash    |       |       |     2 |    10 |     1 |       ||    13
       Lightning Bolt    |       |       |       |       |   303 |   227 ||   530
       Iron Shot         |       |       |       |       |       |    53 ||    53
       Blade Hands       |       |       |       |       |       |     1 ||     1
       Statue Form       |       |       |       |       |       |     2 ||     2
Evoke: Wand              |       |       |     1 |     2 |     2 |       ||     5
  Use: Scroll            |       |     3 |     3 |     5 |    11 |     9 ||    31
       Potion            |       |       |     3 |     2 |     4 |     1 ||    10
 Stab: Sleeping          |     1 |       |       |       |       |       ||     1
       Invisible         |       |       |       |     1 |       |       ||     1
Armor: Robe              |     1 |     4 |     7 |     2 |     9 |    18 ||    41
       Steam dragon scal |       |       |     3 |     7 |       |       ||    10
       Skin              |       |       |       |       |       |     4 ||     4
Dodge: Dodged            |     4 |    17 |    26 |    42 |    44 |    45 ||   178
Block: Kite shield       |       |       |       |       |    10 |    82 ||    92
       Reflection        |       |       |       |       |       |     4 ||     4

Table legend: (Time is in decaauts)
 A = Elapsed time spent in this place.
 B = Non-inter-level travel time spent in this place.
 C = Inter-level travel time spent in this place.
 D = Time resting spent in this place.
 E = Time spent auto-exploring this place.
 F = Levels seen in this place.
 G = Mean time per level.
                   A        B        C        D        E       F      G
               +--------+--------+--------+--------+--------+-----+--------+
         Total |  35750 |  33448 |   2302 |   7758 |  20672 |  28 | 1276.8 |
       Dungeon |  21422 |  19961 |   1461 |   4489 |  13022 |  15 | 1428.1 |
        Temple |    115 |    107 |      8 |      0 |     88 |   1 |  115.0 |
          Lair |   8617 |   8011 |    606 |   1710 |   5208 |   6 | 1436.2 |
     Snake Pit |    634 |    634 |      0 |     96 |    318 |   1 |  634.0 |
  Orcish Mines |   3524 |   3298 |    226 |   1020 |   1669 |   2 | 1762.0 |
         Sewer |    289 |    289 |      0 |      0 |    224 |   1 |  289.0 |
       Volcano |    194 |    194 |      0 |     48 |      8 |   1 |  194.0 |
      Gauntlet |    950 |    950 |      0 |    395 |    134 |   1 |  950.0 |
               +--------+--------+--------+--------+--------+-----+--------+

Top non-repeatable levels by time:
     D:7: 2392 daAuts
   Orc:1: 2134 daAuts
    D:13: 2063 daAuts
  Lair:6: 2025 daAuts
    D:11: 2001 daAuts
  Lair:5: 1755 daAuts
    D:14: 1629 daAuts
     D:8: 1614 daAuts
     D:6: 1607 daAuts
     D:1: 1558 daAuts
  Lair:1: 1525 daAuts
     D:5: 1515 daAuts
  Lair:4: 1421 daAuts
    D:12: 1406 daAuts
   Orc:2: 1390 daAuts
